 Dungeon Crawl Stone Soup version 0.23-a0-182-g58cdd98 (webtiles) character file.

150 Felrender the Skirmisher (level 5, -4/42 HPs)
             Began as a Demonspawn Abyssal Knight on Sept 20, 2018.
             Was a Believer of Lugonu.
             Killed from afar by Natasha (7 damage)
             ... with a magic dart
             ... on level 2 of the Dungeon.
             The game lasted 00:08:18 (2273 turns).

Felrender the Skirmisher (DsAK)                     Turns: 2273, Time: 00:08:19

Health: -4/42      AC: 11    Str: 13    XL:     5   Next: 10%
Magic:  2/7        EV: 11    Int: 13    God:    Lugonu [**....]
Gold:   98         SH:  0    Dex: 13    Spells: 4/4 levels left

rFire    . . .     SeeInvis .   a - +1 falchion
rCold    . . .     Gourm    .   (no shield)
rNeg     . . .     Faith    .   g - +0 ring mail
rPois    .         Spirit   .   f - +2 helmet
rElec    .         Reflect  .   (no cloak)
rCorr    .         Harm     .   (no gloves)
MR       .....                  k - +0 pair of boots
Stlth    +.........             (no amulet)
HPRegen  0.14/turn              (no ring)
MPRegen  0.10/turn              (no ring)

@: no status effects
A: yellow scales 1, demonic guardian 1
a: Depart the Abyss, Bend Space, Renounce Religion


You were on level 2 of the Dungeon.
You worshipped Lugonu.
Lugonu was pleased with you.
You were not hungry.

You visited 1 branch of the dungeon, and saw 2 of its levels.
You visited the Abyss 1 time.

You collected 98 gold pieces.

Inventory:

Hand Weapons
 a - a +1 falchion (weapon)
 d - a +0 dagger of venom
Missiles
 i - 27 sling bullets
Armour
 b - a +0 leather armour
 f - a +2 helmet (worn)
 g - a +0 ring mail (worn)
 h - a +1 helmet
 k - a +0 pair of boots (worn)
Scrolls
 e - 2 scrolls of amnesia
 l - a scroll of magic mapping {unknown}
 n - a scroll of teleportation
 o - a scroll of remove curse {unknown}
Comestibles
 c - 5 rations
 j - a chunk of flesh


   Skills:
 + Level 4.0 Fighting
 + Level 3.1 Long Blades
 + Level 2.3 Armour
 + Level 2.1 Dodging
 + Level 2.7 Invocations


You had 4 spell levels left.
You didn't know any spells.
Your spell library was empty.

Dungeon Overview and Level Annotations

Branches:
Dungeon (2/15)

Altars:

Annotations:
D:2 Natasha, Sigmund


Innate Abilities, Weirdness & Mutations

You are partially covered in yellow scales. (AC +2)
A weak demonic guardian rushes to your aid.


Message History

You feel less confused. Something hits you.
* * * LOW HITPOINT WARNING * * *
You feel your power leaking away. Something completely misses you.
A puff of flame appears from out of thin air!
The puff of flame hits you!
* * * LOW HITPOINT WARNING * * *
Sigmund appears from thin air!
Reactivating autopickup.
Natasha, Servant of Life and Death comes into view.
Sigmund casts a spell.
Sigmund flickers and vanishes!
Deactivating autopickup; reactivate with Ctrl-A.
Natasha wildly gestures.
Natasha's front paws start to glow.
Natasha misses you.
Natasha stares at you and mumbles some strange words.
The magic dart hits you!
You die...

##.....# #......##.#..#.
#..)..###.####.##.#..#.
##..####..#.....####.........
....................######.##
.#..####..##.#.#.##.# #...
#..##.#...##.# ####
#.....h5.###.#
######.#..###.#
#.....@#......# #
#.#######.##### . ##.######
.. #.......# .### #..####.#
..# #..### #.# # #....#
.##.##.# #.##.# # .......#
#.##รท##.#


You could see Natasha.

Vanquished Creatures
  Natasha (D:2)
  Robin (D:2)
  5 adders (D:2)
  A worm (D:2)
  3 dart slugs (D:2)
  3 leopard geckos (D:1)
  3 giant cockroaches (D:2)
  7 goblins
  8 hobgoblins
  4 jackals
  2 quokkas (D:2)
  2 ball pythons (D:1)
  5 bats
  3 frilled lizards
  8 kobolds
  4 rats
60 creatures vanquished.

Notes
Turn   | Place    | Note
-------+----------+-------------------------------------------
     0 | Abyss:1  | Felrender the Demonspawn Abyssal Knight began the quest for
                  | the Orb.
     0 | Abyss:1  | Reached XP level 1. HP: 18/18 MP: 2/2
    62 | Abyss:1  | Noticed a rust devil
    66 | D:1      | Escaped the Abyss
   150 | D:1      | Reached * piety under Lugonu
   274 | D:1      | Reached skill level 1 in Dodging
   322 | D:1      | Gained mutation: A weak demonic guardian rushes to your
                  | aid. [demonic ancestry]
   322 | D:1      | Reached XP level 2. HP: 24/24 MP: 3/3
  1062 | D:2      | Reached XP level 3. HP: 29/29 MP: 5/5
  1079 | D:2      | Noticed Robin
  1090 | D:2      | Killed Robin
  1097 | D:2      | Gained mutation: You are partially covered in yellow
                  | scales. (AC +2) [demonic ancestry]
  1097 | D:2      | Reached XP level 4. HP: 36/37 MP: 6/6
  1417 | D:2      | Reached ** piety under Lugonu
  1417 | D:2      | Reached skill level 4 in Fighting
  2139 | D:2      | Noticed Natasha
  2156 | D:2      | Killed Natasha
  2156 | D:2      | Reached XP level 5. HP: 42/42 MP: 5/7
  2217 | D:2      | Noticed Sigmund
  2250 | D:2      | HP: 1/42 [something (5)]
  2263 | D:2      | HP: 1/42 [something/puff of flame (2)]
  2267 | D:2      | Noticed Natasha
  2273 | D:2      | Killed from afar by Natasha

Vault maps used:
D:1:      minmay_arrival_doors, serial_bayou_lake_a
D:2:      uniq_natasha, uniq_sigmund, uniq_robin
Abyss:1:  kilobyte_mutagenic_chamber

Skill      XL: |  1  2  3  4 |
---------------+-------------+-----
Dodging        | 1 2 |  2.1
Long Blades    | 2 3 |  3.1
Armour         | 2 |  2.3
Fighting       | 4 |  4.0
Invocations    | |  2.7

Action                   |  1- 3 |  4- 6 || total
-------------------------+-------+-------++-------
Melee: Falchion          |   118 |    83 ||   201
Invok: Depart the Abyss  |     1 |       ||     1
       Bend Space        |       |     1 ||     1
  Use: Scroll            |     3 |       ||     3
       Potion            |     2 |     2 ||     4
  Eat: Chunk             |     1 |     4 ||     5
Armor: Leather armour    |    18 |       ||    18
       Ring mail         |    34 |    49 ||    83
       Skin              |       |     4 ||     4
Dodge: Dodged            |    62 |    76 ||   138
       Rpst.: Falchion   |    26 |    29 ||    55

Table legend:
 A = Non-vault XP
 B = Vault XP
 C = Vault XP percentage of total XP
 D = Non-vault monster count
 E = Vault monster count
 F = Vault count percentage of total count
                 A         B        C        D         E       F
            +---------+---------+-------+---------+---------+-------
      Total |     152 |      63 |  29.3 |      50 |      10 |  16.7
            +---------+---------+-------+---------+---------+-------
        D:1 |      40 |       0 |   0.0 |      23 |       0 |   0.0
        D:2 |     112 |      63 |  36.0 |      27 |      10 |  27.0
            +---------+---------+-------+---------+---------+-------
